 Dungeon Crawl Stone Soup version 0.31-a0-1112-ga3593d9213 (webtiles) character file.

Game seed: 3595813934372038778

1146 Azuregosa the Shooter (level 8, -2/63 HPs)
             Began as a Demonspawn Wanderer on Dec 4, 2023.
             Slain by a troll (9 damage)
             ... on level 6 of the Dungeon.
             The game lasted 00:24:47 (6399 turns).

Azuregosa the Shooter (Demonspawn Wanderer)         Turns: 6399, Time: 00:24:47

Health: -2/63      AC: 12    Str: 11    XL:     8   Next: 15%
Magic:  8/8        EV:  2    Int: 12    God:
Gold:   362        SH:  0    Dex: 17    Spells: 7/7 levels left

rFire   . . .        a - +2 sling
rCold   . . .        (no shield)
rNeg    . . .        y - +0 plate armour
rPois   .            i - +0 hat
rElec   .            (no cloak)
rCorr   .            (no gloves)
SInv    .            (no boots)
Will    .....        (no amulet) Stlth
                     (no ring)
HPRegen 0.30/turn    (no ring)
MPRegen 0.22/turn

%: no passive effects
@: no status effects
A: spiny 2, magic regeneration
a: no special abilities


You were on level 6 of the Dungeon.
You visited 1 branch of the dungeon, and saw 6 of its levels.

You collected 362 gold pieces.

Inventory:

Hand Weapons
 a - a +2 sling (weapon)
 b - a +0 falchion
 e - a +1 whip of flaming
 l - a +0 mace of draining
 m - a +2 whip of flaming
 B - a +2 dagger of speed
Missiles
 A - 3 silver javelins
 C - 5 poisoned darts
Armour
 c - a +0 ring mail
 i - a +0 hat (worn)
 v - an orb of wrath
 y - a +0 plate armour (worn)
Wands
 t - a wand of mindburst (5)
 x - a wand of flame (12)
Scrolls
 g - 2 scrolls of enchant armour {unknown}
 j - a scroll of blinking {unknown}
 k - 2 scrolls of identify
 q - a scroll of poison {unknown}
 s - 3 scrolls of fog
 w - a scroll of immolation {unknown}
 z - a scroll of revelation {unknown}
Potions
 d - 2 potions of heal wounds
 f - a potion of degeneration {unknown}
 h - 3 potions of cancellation {unknown}
 n - 2 potions of curing {unknown}
 o - 2 potions of enlightenment {unknown}
 p - 2 potions of brilliance {unknown}
 r - 2 potions of might {unknown}
 u - a potion of mutation {unknown}


   Skills:
 + Level 5.6 Fighting
 - Level 1.7 Long Blades
 + Level 6.2 Ranged Weapons
 + Level 5.3 Armour
 - Level 1.0 Evocations


You had 7 spell levels left.
You didn't know any spells.
Your spell library contained the following spells:

 Spells                   Type           Power      Damage    Failure   Level
 Blink                    Tloc           0%         N/A       100%        2
 Ozocubu's Armour         Ice            0%         N/A       100%        3
 Manifold Assault         Tloc           0%         N/A       100%        4
 Ozocubu's Refrigeration  Ice            0%         4d7       100%        7


Dungeon Overview and Level Annotations

Branches:
Dungeon (6/15)
 Temple: D:4-7

Altars:
Hepliaklqana
Kikubaaqudgha
Makhleb
Sif Muna
Trog
Xom

Shops:
D:1 :   D:3 =*!(:   D:4 (

Annotations:
D:6 Menkaure


Innate Abilities, Weirdness & Mutations

You are mostly covered in sharp spines.
You regenerate magic rapidly.


Message History

The troll is moderately wounded.
Aiming: Throw Flame
Press: ? - help, Shift-Dir - straight line, f/p - troll
Aim: a troll (moderately wounded, 68% to hit)
The puff of flame hits the troll.
The troll is moderately wounded.
The troll bites you.
The troll claws you but does no damage. x2
Aiming: Throw Flame
Press: ? - help, Shift-Dir - straight line, f/p - troll
Aim: a troll (moderately wounded, 68% to hit)
The puff of flame hits the troll.
The troll is moderately wounded.
The troll is struck by your spines. The troll completely misses you.
The troll claws you. The troll claws you!
You shoot a sling bullet. The sling bullet hits the troll.
The troll is moderately wounded.
The troll bites you but does no damage. The troll claws you but does no damage.
The troll claws you! The troll barely misses you. The troll claws you! x2
Aiming: Mindburst
Press: ? - help, Shift-Dir - straight line, f/p - troll
Aim: a troll (moderately wounded, chance to affect: 69%)
The troll struggles to resist.
The troll bites you!
* * * LOW HITPOINT WARNING * * *
The troll claws you.
* * * LOW HITPOINT WARNING * * *
The troll claws you.
* * * LOW HITPOINT WARNING * * *
Menkaure gestures wildly while chanting.
Menkaure seems to speed up.
As you read the scroll labelled VYBLERPH EDEKI, it crumbles to dust.
It is a scroll of identify.
s - 3 scrolls of fog Menkaure's bandages flutter.
Menkaure calls on the powers of darkness!
The troll convulses!
Your body is wracked with pain!
* * * LOW HITPOINT WARNING * * *
The troll is struck by your spines. The troll bites you.
* * * LOW HITPOINT WARNING * * *
The troll claws you!
You die...

.....#+##..
#..........
#..........
#..........
.......... .......M.
#....# #@T..# #....#
################....#
..#.................#
#....#
..#.................#
+....#
..#.................#
#....#
..#.................#
##+#....#
#.#####'##'##.......#
#.......#
.........[..#.......#
#.......#


You could see a troll and Menkaure (fast).

Vanquished Creatures
  3 sky beasts
  2 ogres
  2 phantoms
  A scorpion (D:6)
  2 hounds
  A jelly (D:5)
  A gnoll bouda (D:5)
  An orc priest (D:3)
  An iguana (D:5)
  2 orc wizards (D:3)
  11 gnolls
  2 adders
  2 ufetubi (D:5)
  A worm (D:4)
  6 dart slugs
  14 orcs
  3 bats
  9 endoplasms
  6 giant cockroaches
  8 hobgoblins
  8 jackals
  4 quokkas
  6 ball pythons
  5 frilled lizards
  6 goblins
  5 kobolds
  8 rats
120 creatures vanquished.

Notes
Turn   | Place    | Note
-------+----------+-------------------------------------------
     0 | D:1      | Azuregosa the Demonspawn Wanderer began the quest for the
                  | Orb.
     0 | D:1      | Azuregosa set off with the following items: a +2 sling, a
                  | +0 falchion, a +0 ring mail, a potion of heal wounds.
     0 | D:1      | Reached XP level 1. HP: 15/15 MP: 1/1
   170 | D:1      | Gained mutation: You regenerate magic rapidly. [demonic
                  | ancestry]
   170 | D:1      | Reached XP level 2. HP: 17/21 MP: 2/2
   603 | D:1      | Reached XP level 3. HP: 27/27 MP: 3/3
   673 | D:1      | Reached skill level 4 in Ranged Weapons
   686 | D:1      | Found Duzxemae's Book Shop.
  1294 | D:2      | Found a faded altar of an unknown god.
  1574 | D:2      | Reached XP level 4. HP: 29/34 MP: 4/4
  1773 | D:3      | Found Jetuce's Weapon Boutique.
  1911 | D:3      | Reached XP level 5. HP: 40/40 MP: 5/5
  2212 | D:3      | Found Soafoume's Book Shop.
  2328 | D:3      | Found Ishrirar's Distillery.
  2721 | D:3      | Found Habalaxi's Assorted Antiques.
  2745 | D:3      | Found a shimmering blue altar of Sif Muna.
  2871 | D:3      | Found Fexkitz's Jewellery Boutique.
  3012 | D:4      | Found Larhiack's Weapon Boutique.
  3258 | D:4      | Noticed a phantom
  3276 | D:4      | Killed a phantom
  3277 | D:4      | Reached XP level 6. HP: 29/48 MP: 6/6
  3371 | D:4      | Found a hazy altar of Hepliaklqana.
  3471 | D:4      | Reached skill level 5 in Ranged Weapons
  3576 | D:4      | Found a shimmering altar of Xom.
  3582 | D:4      | Found a burning altar of Makhleb.
  3585 | D:4      | Found an ancient bone altar of Kikubaaqudgha.
  3757 | D:4      | Noticed a sky beast
  4258 | D:5      | Entered Level 5 of the Dungeon
  4342 | D:4      | Killed a sky beast
  4532 | D:5      | Noticed a sky beast
  4534 | D:5      | Gained mutation: You are partially covered in sharp spines.
                  | [demonic ancestry]
  4534 | D:5      | Reached XP level 7. HP: 54/55 MP: 7/7
  5050 | D:5      | Reached skill level 5 in Fighting
  5414 | D:5      | Reached skill level 5 in Armour
  5940 | D:6      | Found a bloodstained altar of Trog.
  5967 | D:6      | Noticed Menkaure
  6186 | D:6      | Reached skill level 6 in Ranged Weapons
  6186 | D:6      | Gained mutation: You are mostly covered in sharp spines.
                  | [demonic ancestry]
  6186 | D:6      | Reached XP level 8. HP: 38/63 MP: 8/8
  6391 | D:6      | Noticed a troll
  6399 | D:6      | Slain by a troll

Illustrated notes

Levels and vault maps discovered:
D:1:      lightli_arrival_noodles, layout_loops_ring, serial_shops,
          nicolae_book_shop_shelving, hangedman_decor_growths, minmay_tall_x
D:2:      layout_basic, chequers_ecumenical_altar_simple_redux,
          serial_bayou_pond_c, chequers_serial_rivers_room_a,
          chequers_serial_rivers_micro_a
D:3:      layout_basic, hellmonk_sif_muna_bookshelves, serial_shops,
          nicolae_shop_behind_doors, nicolae_shop_peninsula,
          nicolae_shop_tiny_glass, nicolae_shop_real_fake_doors,
          nicolae_square_shop, corexii_shack, corexii_leaking_fountain
D:4:      layout_loops_ring, mainiacjoe_overflow_surrounded_room,
          grunt_temple_overflow_cloverleaf, serial_shops,
          nicolae_shop_bloodbath_and_beyond, kennysheep_generic_room_16
D:5:      layout_loops_corners, chequers_big_river, minmay_statues_item
D:6:      layout_gridville, mainiacjoe_overflow_catwalk, lemuel_crystal_altar,
          uniq_edmund, uniq_menkaure, uniq_jeremiah

Skill      XL: |  1  2  3  4  5  6  7 |
---------------+----------------------+-----
Armour         | 2 3 4 5 |  5.3
Fighting       | 2 3 4 5 |  5.6
Ranged Weapons | 4 5 6 |  6.2
Long Blades    | |  1.7
Evocations     | |  1.0

Action                     |  1- 3 |  4- 6 |  7- 9 || total
---------------------------+-------+-------+-------++-------
  Melee: Sling             |       |    15 |       ||    15
   Fire: Sling             |   157 |   234 |    97 ||   488
  Evoke: Wand              |       |     6 |     4 ||    10
    Use: Scroll            |       |       |     1 ||     1
         Potion            |       |       |     1 ||     1
 Armour: Ring mail         |    80 |    86 |       ||   166
         Plate armour      |       |   159 |    77 ||   236
  Dodge: Dodged            |    51 |    53 |     6 ||   110

Table legend: (Time is in decaauts)
 A = Elapsed time spent in this place.
 B = Non-inter-level travel time spent in this place.
 C = Inter-level travel time spent in this place.
 D = Time resting spent in this place.
 E = Time spent auto-exploring this place.
 F = Levels seen in this place.
 G = Mean time per level.
                   A        B        C        D        E       F      G
               +--------+--------+--------+--------+--------+-----+--------+
         Total |   6726 |   6560 |    166 |   1403 |   3364 |   6 | 1121.0 |
       Dungeon |   6726 |   6560 |    166 |   1403 |   3364 |   6 | 1121.0 |
               +--------+--------+--------+--------+--------+-----+--------+

Top non-repeatable levels by time:
     D:3: 1690 daAuts
     D:5: 1611 daAuts
     D:4: 1396 daAuts
     D:1: 975 daAuts
     D:2: 711 daAuts
     D:6: 340 daAuts
